 Dungeon Crawl Stone Soup version 0.18-a0-1745-gffa9a88 (webtiles) character file.

578 4thArraOfDagon the Ruffian (level 7, 0/57 HPs)
             Began as a Mottled Draconian Chaos Knight on Apr 11, 2016.
             Shot with an arrow of flame by a centaur (4 damage)
             ... on level 10 of the Dungeon.
             The game lasted 00:09:35 (2071 turns).

4thArraOfDagon the Ruffian (DrCK)                   Turns: 2071, Time: 00:09:36

Health: 0/57       AC:  9    Str: 14    XL:     7   Next: 13%
Magic:  7/7        EV: 13    Int: 14    God:    Xom [....*.]
Gold:   167        SH:  0    Dex: 11    Spells: 0 memorised, 6 levels left

rFire  . . .     SeeInvis .       - Unarmed
rCold  . . .     Gourm    .     (armour unavailable)
rNeg   . . .     Faith    .     (no shield)
rPois  .         Spirit   .     (helmet restricted)
rElec  .         Dismiss  .     s - +0 cloak
rCorr  .         Reflect  .     i - +1 pair of gloves
SustAt .         Harm     .     (no boots)
MR     .....                    (no amulet)
Stlth  +.........               (no ring)
                                (no ring)

@: short of breath, not resistant to hostile enchantments, very unstealthy
A: breathe sticky flame splash, unfitting armour, cold-blooded, AC +6
a: Breathe Sticky Flame, Renounce Religion


You were on level 10 of the Dungeon.
You worshipped Xom.
You were a beloved toy of Xom.
You were not hungry.

You visited 1 branch of the dungeon, and saw 10 of its levels.
You also visited: Ossuary.

You collected 167 gold pieces.

Inventory:

Missiles
 t - 2 curare-tipped needles
Armour
 i - a +1 pair of gloves (worn)
 s - a +0 cloak (worn)
Scrolls
 b - 2 scrolls of teleportation
 c - 5 scrolls of remove curse
 e - 2 scrolls of noise {unknown}
 g - a scroll of amnesia {unknown}
 j - a scroll of blinking
 m - a scroll of recharging {unknown}
Potions
 d - a potion of might
 h - 2 potions of flight
 l - a potion of cancellation {unknown}
 o - 2 potions of resistance {unknown}
 q - a potion of invisibility {unknown}
Books
 p - a book of Power

   Spells                             Type                      Level
   a - Fulminant Prism                Conjuration/Hexes            4
   b - Iskenderun's Mystic Blast      Conjuration                  4
   c - Venom Bolt                     Conjuration/Poison           5
   d - Bolt of Magma                  Conjuration/Fire/Earth       5
   e - Iron Shot                      Conjuration/Earth            6
   f - Orb of Destruction             Conjuration                  7
   g - Spellforged Servitor           Conjuration/Summoning        7
Comestibles
 a - 2 bread rations
 f - a beef jerky
 n - a meat ration
 r - 2 chunks of flesh


   Skills:
 - Level 3.2 Fighting
 + Level 4.4 Dodging
 * Level 6.9 Unarmed Combat


You had 6 spell levels left.
You didn't know any spells.

Dungeon Overview and Level Annotations

Branches:
Dungeon (10/15)            Temple (0/1) D:5
   Lair: D:8-11         Orc: D:9-12

Altars:
Ashenzari
Xom

Annotations:
D:6 Eustachio


Innate Abilities, Weirdness & Mutations

You can spit globs of burning liquid.
You can ignite nearby creatures when you spit burning liquid.
Your weird mottled scales are hard (AC +6).
Your body does not fit into most forms of armour.
You are cold-blooded and may be slowed by cold attacks.


Message History

The adder burns!
The adder barely misses you.
Unknown command.
You hit the adder.
You kill the adder!
Unknown command.
Unknown command.
An adder comes into view.
There is a stone staircase leading down here.
You climb downwards.
Found a bread ration.
There is a stone staircase leading up here.
Unknown command.
A centaur comes into view.
The centaur shouts!
The centaur wields a shortbow.
The centaur shoots an arrow of flame.
The arrow of flame hits you!
* * * LOW HITPOINT WARNING * * *
The arrow of flame burns you.
You die...
Xom is highly amused!

#. #. #. #. #.
######.###
.........#######
c......@<.......
#####..##.#####.
#.# .# .%. .#
... .# #..> ..
.... .. ##.. .#


You could see a centaur.

Vanquished Creatures
  A water moccasin zombie (D:8)
  A killer bee (D:9)
  A howler monkey (D:6)
  A centaur zombie (D:9)
  2 crimson imps (D:6)
  An orc priest (D:8)
  A centaur skeleton (D:4)
  A killer bee zombie (D:9)
  4 big kobold zombies (Ossuary)
  2 mummies
  6 adders
  A gnoll (D:1)
  A shadow imp (D:5)
  4 dart slugs
  4 giant geckos
  4 orcs
  A ball python (D:4)
  7 bats
  4 giant cockroaches
  4 goblins
  4 hobgoblins
  5 jackals
  2 kobolds (D:2)
  2 quokkas
  2 bat simulacra (Ossuary)
  3 giant newts
  2 gnoll zombies (Ossuary)
  6 goblin zombies (Ossuary)
  5 hobgoblin zombies
  4 kobold zombies
  5 orc zombies (Ossuary)
  9 rats
100 creatures vanquished.

Notes
Turn   | Place    | Note
--------------------------------------------------------------
     0 | D:1      | 4thArraOfDagon the Draconian Chaos Knight began the quest for the Orb.
     0 | D:1      | Reached XP level 1. HP: 19/19 MP: 1/1
     0 | D:1      | F THIS
   122 | D:1      | Reached XP level 2. HP: 26/26 MP: 2/2
   205 | D:1      | Reached XP level 3. HP: 9/31 MP: 3/3
   334 | D:1      | Reached skill level 4 in Unarmed Combat
   671 | D:2      | XOM: silly message
   770 | D:3      | Reached XP level 4. HP: 38/38 MP: 4/4
   831 | D:2      | XOM: harmless Pois miscast
   916 | D:3      | XOM: scenery: create altars
  1012 | D:4      | XOM: harmless Divn miscast
  1015 | D:5      | Entered Level 5 of the Dungeon
  1125 | D:6      | Found a sand-covered staircase.
  1135 | Ossuary  | Entered an ossuary
  1237 | Ossuary  | Reached XP level 5. HP: 34/45 MP: 5/5
  1259 | Ossuary  | Reached skill level 5 in Unarmed Combat
  1261 | Ossuary  | XOM: harmless Chrm miscast
  1333 | Ossuary  | XOM: smoke on damage
  1382 | Ossuary  | XOM: scenery: 1 doors open, 4 doors close
  1456 | D:6      | Found a shattered altar of Ashenzari.
  1515 | D:6      | Reached XP level 6. HP: 28/51 MP: 6/6
  1575 | D:6      | XOM: vitrification
  1594 | D:6      | Reached skill level 6 in Unarmed Combat
  1722 | D:5      | Found a staircase to the Ecumenical Temple.
  1792 | D:6      | Noticed Eustachio
  1914 | D:8      | XOM: fog
  1944 | D:8      | XOM is BORED!
  1944 | D:8      | XOM: medium Tloc miscast
  2012 | D:9      | XOM: fake destruction
  2013 | D:9      | XOM: polymorph hound -> killer bee
  2022 | D:9      | Your scales start taking on a weird mottled colour.
  2022 | D:9      | Reached XP level 7. HP: 18/57 MP: 7/7
  2070 | D:10     | Entered Level 10 of the Dungeon
  2071 | D:10     | Shot with an arrow of flame by a centaur

Vault maps used:
D:1:      kennysheep_arrival_seaside, serial_bayou_ford_a,
          roderic_three_in_a_row
D:2:      first_bread, fedhas_altar_fruit_tree
D:3:      kennysheep_generic_room_5, uniq_iyjb
D:4:      minmay_crystal_water
D:5:      minmay_temple_entry_hall, nrook_pool_corridor, uniq_edmund
D:6:      evilmike_ruin_ashenzari, nicolae_ossuary_entry_giza,
          serial_bayou_crossing, uniq_sigmund, uniq_eustachio
D:7:      xom_shifter_show
D:8:      uniq_maurice
D:9:      hangedman_little_slice_of_home, nemelex_diamond_rough_becter
D:10:     david_lair_shrubbed, uniq_erolcha
Ossuary:  ossuary_zaba_two_paths

Skill      XL: |  1  2  3  4  5  6 |
---------------+-------------------+-----
Unarmed Combat | 4 5 6 |  6.9
Dodging        | 3 4 |  4.4
Fighting       | |  3.2

Action                   |  1- 3 |  4- 6 |  7- 9 || total
-------------------------+-------+-------+-------++-------
Melee: Unarmed           |   155 |   296 |     4 ||   455
 Abil: Breathe Sticky Fl |       |       |     1 ||     1
  Use: Scroll            |       |     8 |       ||     8
       Potion            |       |     1 |       ||     1
 Stab: Sleeping          |     2 |     3 |       ||     5
  Eat: Chunk             |       |     4 |     1 ||     5
